 Dungeon Crawl Stone Soup version 0.30-b1-2-g02819fbbbe (webtiles) character file.

Game seed: 17548732709339255088

48321 Mesmaeker13 the Fighter (level 14, -12/181 HPs)
             Began as a Barachi Hunter on July 30, 2023.
             Was the Champion of Okawaru.
             Mangled by a tengu warrior
             ... wielding a +1 great sword of holy wrath
              (15 damage)
             ... on level 13 of the Dungeon.
             The game lasted 00:40:42 (19978 turns).

Mesmaeker13 the Fighter (Barachi Hunter)           Turns: 19978, Time: 00:40:42

Health: -12/181    AC: 27    Str: 14    XL:     14   Next: 45%
Magic:  0/5        EV:  2    Int:  9    God:    Okawaru [******]
Gold:   971        SH:  5    Dex: 20    Spells: 11/13 levels left

rFire   . . .        J - +8 Wrath of Trog {antimagic, *Rage Rampage}
rCold   + . .        (shield currently unavailable)
rNeg    . . .        u - melded +9 ring mail of Sloth {MP+9 Dex+2}
rPois   +            z - melded +0 helmet
rElec   .            (cloak currently unavailable)
rCorr   .            U - melded +1 pair of gloves {Str+3}
SInv    +            R - melded +1 pair of boots {Fly}
Will    +....        w - amulet of reflection
Stlth   ++           o - ring of protection from cold
HPRegen 0.50/turn    q - ring of see invisible
MPRegen 0.09/turn

%: random rage (50%), reflection, rampage
@: tree-form, on berserk cooldown
A: stationary, stasis, torment immunity, boosted hp, (amphibious), (slowness 1),
(strong legs 2), +LOS
a: Renounce Religion, Heroism, Finesse, Duel


You were on level 13 of the Dungeon.
You worshipped Okawaru.
Okawaru was exalted by your worship.
You were a tree.
You visited 3 branches of the dungeon, and saw 19 of its levels.

You collected 1202 gold pieces.
You spent 231 gold pieces at shops.

Inventory:

Hand Weapons
 a - a +2 heavy arbalest
 i - a +1 scimitar of flaming
 D - a +2 trident of venom
 H - a +5 scimitar
 J - the +8 Wrath of Trog (weapon) {antimagic, *Rage Rampage}
   (You found it on level 3 of the Lair of Beasts)

   It causes slowness and exhaustion when equipped.
   It extends the wielder's berserk rage when killing foes.
   *Rage:     It berserks you when you make melee attacks (+50% chance).
   Rampage:   It bestows one free step when moving towards enemies.
Missiles
 A - 6 curare-tipped darts (quivered)
 B - 5 silver boomerangs
Armour
 u - the +9 ring mail of Sloth (melded) {MP+9 Dex+2}
   (You found it on level 3 of the Lair of Beasts)

   Dex:       It affects your dexterity (+2).
   MP:        It affects your magic capacity (+9).
 z - a +0 helmet (melded)
 R - a +1 pair of boots of flying (melded)
 U - a +1 pair of gloves of strength (melded)
Jewellery
 d - an amulet of guardian spirit
 g - a +6 ring of intelligence
 o - a ring of protection from cold (left branch)
 p - a ring of ice
 q - a ring of see invisible (right branch)
 w - an amulet of reflection (around neck)
Wands
 G - a wand of paralysis (10)
 K - a wand of quicksilver (8)
 L - a wand of digging (8)
 M - a wand of flame (32)
 N - a wand of roots (6)
Scrolls
 b - 4 scrolls of immolation
 f - 5 scrolls of teleportation
 h - 2 scrolls of silence
 l - 3 scrolls of enchant weapon
 n - 3 scrolls of magic mapping
 r - 3 scrolls of vulnerability
 y - 2 scrolls of fear
 I - 4 scrolls of fog
 P - a scroll of poison
 Q - a scroll of enchant armour
Potions
 c - a potion of cancellation {unknown}
 e - 4 potions of curing
 j - 5 potions of lignification
 k - 4 potions of haste
 s - 3 potions of might
 t - 4 potions of attraction {unknown}
 v - 2 potions of berserk rage {unknown}
 x - a potion of brilliance {unknown}
 F - 2 potions of flight {unknown}
 O - 2 potions of degeneration {unknown}
Miscellaneous
 C - a tin of tremorstones (2/2)
 S - a lightning rod (4/4)
 T - a phial of floods


   Skills:
 + Level 14.4 Fighting
 - Level 9.1 Long Blades
 + Level 12.7 Ranged Weapons
 - Level 11.3 Armour
 - Level 6.4 Dodging
 - Level 0.8 Stealth
 - Level 9.0 Transmutations
 + Level 4.4 Invocations
 + Level 9.3 Evocations


You had 11 spell levels left.
You knew the following spells:

 Your Spells              Type           Power      Damage    Failure   Level
a - Wereblood             Tmut           16%        N/A       1%          2

Your spell library contained the following spells:

 Spells                   Type           Power      Damage    Failure   Level
 Beastly Appendage        Tmut           32%        N/A       1%          1
 Spider Form              Tmut/Pois      8%         N/A       19%         3
 Kiss of Death            Conj/Necr      0%         2d5       38%         1
 Necrotise                Necr           0%         1d4       38%         1
 Blink                    Tloc           0%         N/A       52%         2
 Lesser Beckoning         Tloc           0%         N/A       52%         2
 Momentum Strike          Conj/Tloc      0%         3d8       52%         2
 Scorch                   Fire           0%         2d5       52%         2
 Confusing Touch          Hex            0%         N/A       77%         3
 Gell's Gravitas          Tloc           0%         N/A       77%         3
 Ozocubu's Armour         Ice            0%         N/A       77%         3
 Teleport Other           Tloc           0%         N/A       77%         3
 Vampiric Draining        Necr           0%         2d6       77%         3
 Dispel Undead            Necr           0%         3d6       99%         4
 Flame Wave               Conj/Fire      0%         2d4       99%         4
 Manifold Assault         Tloc           0%         N/A       99%         4
 Agony                    Necr           0%         N/A       100%        5
 Dispersal                Tloc           0%         N/A       100%        6
 Ozocubu's Refrigeration  Ice            0%         4d7       100%        7
 Disjunction              Tloc           0%         N/A       100%        8
 Summon Cactus Giant      Summ           Unusable   N/A       N/A         6

Dungeon Overview and Level Annotations

Branches:
Dungeon (13/15)            Temple (1/1) D:6            Lair (5/5) D:10
 Shoals (0/4) Lair:2        Snake (0/4) Lair:3          Orc (0/2) D:11
  Slime: Lair:4-5    Vaults: D:13-14

Altars:
Ashenzari
Cheibriados
Dithmenos
Elyvilon
Fedhas
Gozag
Hepliaklqana
Kikubaaqudgha
Makhleb
Nemelex Xobeh
Okawaru
Qazlal
Ru
Sif Muna
Trog
Uskayaw
Vehumet
Wu Jian
Xom
Yredelemnul
Zin
The Shining One

Shops:
D:5 :   D:11 [

Portals:
Trove: D:11 (give 6 scrolls of fear)

Annotations:
D:11 3 runed translucent doors


Innate Abilities, Weirdness & Mutations

You are a tree.
Your roots penetrate the ground, keeping you stationary.
You cannot be teleported.
You are immune to unholy pain and torment.
Your maximum health is greatly increased.
Your equipment is partially melded.
((You are amphibious.))
((You cover ground slowly.))
((You can hop long distances.))
You have an extended range of vision and can be seen from far away.


Message History

Your roots penetrate the ground.
You feel yourself speed up.
The tengu warrior hits you with a +1 great sword of holy wrath!
* * * LOW HITPOINT WARNING * * *
You block the tengu warrior's attack.
The tengu warrior claws you but does no damage.
The tengu warrior hits you with a +1 great sword of holy wrath!!
* * * LOW HITPOINT WARNING * * *
The tengu warrior pecks you but does no damage.
The tengu warrior claws you but does no damage.
You closely miss the tengu warrior.
The tengu warrior is almost dead.
The tengu warrior hits you but does no damage.
The tengu warrior pecks you but does no damage.
The tengu warrior claws you but does no damage.
Unknown command.
You miss the tengu warrior.
The tengu warrior is almost dead.
The tengu warrior barely misses you. The tengu warrior pecks you.
* * * LOW HITPOINT WARNING * * *
The tengu warrior claws you but does no damage.
The tengu warrior hits you with a +1 great sword of holy wrath.
* * * LOW HITPOINT WARNING * * *
The tengu warrior pecks you but does no damage.
The tengu warrior claws you but does no damage.
You miss the tengu warrior.
The tengu warrior is almost dead.
The tengu warrior hits you with a +1 great sword of holy wrath.
* * * LOW HITPOINT WARNING * * *
The tengu warrior pecks you but does no damage.
The tengu warrior barely misses you.
The tengu warrior hits you with a +1 great sword of holy wrath!
* * * LOW HITPOINT WARNING * * *
The tengu warrior pecks you but does no damage.
The tengu warrior claws you but does no damage.
Okay, then.
You slash the tengu warrior!
The tengu warrior is almost dead.
The tengu warrior hits you with a +1 great sword of holy wrath!
You die...

####'########
#..........
+.##.......
#.##....##.
#..........
##'##...... #
#####..#
##### #.
#......# #..
#♣Q....#
..#...
#..###+#
..)....#..#
#....)..#
.......####
.#.....
...... ......
$....


You could see a tengu warrior.

Vanquished Creatures
  Fannar (Lair:2)
  4 hydras
  A boulder beetle (D:11)
  3 centaur warriors
  3 death yaks
  Erica (D:9)
  A tengu warrior (D:13)
  2 alligators (Lair:4)
  6 two-headed ogres
  A skyshark (Lair:2)
  2 swamp dragons (Lair:4)
  A goliath frog (Lair:4)
  Pikel (D:9)
  4 ugly things
  A salamander (Lair:3)
  3 manticores
  2 black mambas
  A gargoyle (D:12)
  4 molten gargoyles (D:13)
  9 cane toads
  A rime drake (Lair:5)
  A kobold demonologist (D:12)
  Psyche (D:8)
  10 komodo dragons
  An unseen horror (D:11)
  A tengu conjurer (D:13)
  7 trolls
  A polar bear (Lair:4)
  A meliai (shapeshifter) (D:12)
  2 wind drakes
  14 blink frogs
  A hornet (D:10)
  8 dream sheep
  A water elemental (D:11)
  3 shadows (D:12)
  A slime creature (D:12)
  4 wyverns
  2 vampires (D:11)
  2 wraiths
  26 yaks
  2 basilisks
  3 steam dragons
  14 vampire mosquitoes
  A warg (D:11)
  3 swamp worms (Lair:4)
  8 water moccasins
  An acid dragon (D:11)
  A swamp drake (Lair:4)
  6 orc warriors
  A black bear (D:8)
  An ice beast (D:8)
  A sky beast (D:8)
  3 centaurs
  4 ogres
  6 wolves (Lair:4)
  2 lemures (D:9)
  2 phantoms
  6 kobold brigands
  10 bullfrogs
  A gnoll sergeant (D:6)
  A scorpion (D:5)
  5 wights
  15 killer bees
  3 howler monkeys
  2 electric eels (Lair:3)
  3 lava snakes (Lair:3)
  5 hounds
  5 orc priests
  A gnoll bouda (D:7)
  A jelly (D:5)
  6 iguanas
  2 sleepcaps
  4 orc wizards
  4 hell rats
  9 adders
  12 gnolls
  3 shadow imps (D:5)
  4 ufetubi
  4 worms
  11 dart slugs
  27 orcs
  5 bats (D:1)
  10 endoplasms
  A giant cockroach (D:1)
  7 goblins
  5 hobgoblins
  6 jackals
  14 kobolds
  3 quokkas
  3 ball pythons
  4 frilled lizards
  4 rats
  A fire vortex (D:13)
405 creatures vanquished.

Vanquished Creatures (others)
  A dart slug (D:5)
  18 fungi
  62 plants
81 creatures vanquished.

Grand Total: 486 creatures vanquished

Notes
Turn   | Place    | Note
-------+----------+-------------------------------------------
     0 | D:1      | Mesmaeker13 the Barachi Hunter began the quest for the Orb.
     0 | D:1      | Reached XP level 1. HP: 17/17 MP: 1/1
    70 | D:1      | Reached XP level 2. HP: 15/23 MP: 2/2
   339 | D:1      | Reached skill level 3 in Fighting
   360 | D:1      | Reached XP level 3. HP: 29/29 MP: 3/3
   841 | D:2      | Reached XP level 4. HP: 21/35 MP: 4/4
  1536 | D:3      | Reached XP level 5. HP: 33/42 MP: 3/5
  1638 | D:3      | Reached skill level 4 in Fighting
  1890 | D:3      | Reached skill level 1 in Evocations
  2042 | D:3      | Reached skill level 5 in Ranged Weapons
  2145 | D:4      | Noticed an ogre
  2151 | D:4      | Killed an ogre
  2152 | D:4      | Reached XP level 6. HP: 49/49 MP: 6/6
  2715 | D:4      | Reached skill level 5 in Fighting
  2727 | D:4      | Reached XP level 7. HP: 56/56 MP: 7/7
  2928 | D:5      | Entered Level 5 of the Dungeon
  3251 | D:5      | Found an opulent altar of Gozag.
  3399 | D:5      | Found Nyxuholu's Tiny Tomes.
  3457 | D:5      | Reached skill level 5 in Dodging
  3927 | D:5      | Reached XP level 8. HP: 37/64 MP: 8/8
  4031 | D:5      | Reached skill level 6 in Fighting
  4250 | D:5      | Found a snail-covered altar of Cheibriados.
  4281 | D:5      | Found a glowing silver altar of Zin.
  4297 | D:5      | Found an ancient bone altar of Kikubaaqudgha.
  4890 | D:6      | Found a staircase to the Ecumenical Temple.
  4900 | Temple   | Entered the Ecumenical Temple
  5647 | D:6      | Found a stormy altar of Qazlal.
  5831 | D:6      | Reached skill level 5 in Evocations
  6301 | D:7      | Reached skill level 7 in Fighting
  6634 | D:7      | Reached skill level 1 in Armour
  6634 | D:7      | Reached XP level 9. HP: 66/72 MP: 9/9
  7472 | D:8      | Reached skill level 8 in Fighting
  8057 | D:9      | Noticed Pikel
  8083 | D:9      | Paralysed by Pikel for 3 turns
  8092 | D:9      | Killed Pikel
  8122 | D:9      | Noticed a two-headed ogre
  8130 | D:9      | Killed a two-headed ogre
  8131 | D:9      | Reached skill level 9 in Fighting
  8131 | D:9      | Reached skill level 5 in Armour
  8131 | D:9      | Reached XP level 10. HP: 83/83 MP: 10/10
  8135 | D:9      | Learned a level 2 spell: Wereblood
  8269 | D:8      | Reached skill level 1 in Transmutations
  8602 | D:8      | Noticed Psyche
  8616 | D:8      | Killed Psyche
  9285 | D:9      | Noticed Erica
  9743 | D:9      | Reached skill level 1 in Long Blades
  9747 | D:9      | Reached skill level 10 in Fighting
  9935 | D:9      | Killed Erica
  9936 | D:9      | Reached XP level 11. HP: 87/91 MP: 11/11
 10515 | D:10     | Entered Level 10 of the Dungeon
 10627 | D:10     | Noticed a death yak
 10654 | D:10     | Killed a death yak
 10852 | D:10     | Found a staircase to the Lair.
 10854 | D:10     | Noticed a death yak
 10861 | D:10     | Noticed a death yak
 10885 | D:10     | Killed a death yak
 10886 | D:10     | Reached skill level 5 in Transmutations
 11165 | D:9      | Killed a death yak
 11346 | D:10     | Noticed a two-headed ogre
 11575 | D:10     | Killed a two-headed ogre
 11794 | D:10     | Noticed a three-headed hydra
 11817 | D:10     | Killed a one-headed hydra
 11818 | D:10     | Reached skill level 11 in Fighting
 11818 | D:10     | Reached skill level 10 in Ranged Weapons
 11822 | D:10     | Reached skill level 5 in Long Blades
 12030 | D:10     | Found an iron altar of Okawaru.
 12071 | D:10     | Became a worshipper of Warmaster Okawaru
 12161 | Lair:1   | Entered Level 1 of the Lair of Beasts
 12648 | Lair:1   | Reached XP level 12. HP: 78/100 MP: 12/12
 12674 | Lair:1   | Reached * piety under Okawaru
 12836 | Lair:2   | Noticed a skyshark
 13008 | Lair:2   | Noticed Fannar
 13016 | Lair:2   | Killed Fannar
 13171 | Lair:2   | Killed a skyshark
 13171 | Lair:2   | Reached ** piety under Okawaru
 13177 | Lair:2   | Found a staircase to the Shoals.
 14308 | Lair:3   | Identified the +9 ring mail of Sloth {MP+9 Dex+2}
 14524 | Lair:3   | Reached *** piety under Okawaru
 14525 | Lair:3   | Reached skill level 12 in Fighting
 14791 | Lair:3   | Reached skill level 10 in Armour
 14862 | Lair:3   | Reached **** piety under Okawaru
 14925 | Lair:3   | Noticed a four-headed hydra
 14932 | Lair:3   | Killed a four-headed hydra
 14949 | Lair:3   | Found the +8 Wrath of Trog {antimagic, *Rage Rampage}
 15078 | Lair:3   | Gained mutation: You can hop long distances. [Barachi
                  | growth]
 15078 | Lair:3   | Reached XP level 13. HP: 101/109 MP: 13/13
 15078 | Lair:3   | Found a staircase to the Snake Pit.
 15188 | Lair:3   | Reached ***** piety under Okawaru
 15510 | Lair:4   | Received a gift from Okawaru
 16094 | Lair:4   | Reached skill level 13 in Fighting
 16239 | Lair:4   | HP: 4/111 [poisoned by a swamp dragon (poison gas)]
 16977 | Lair:5   | Entered Level 5 of the Lair of Beasts
 17259 | Lair:5   | Noticed a dire elephant
 17408 | D:11     | Reached skill level 1 in Invocations
 17458 | D:11     | Found a staircase to the Orcish Mines.
 17579 | D:11     | Found a portal to a secret trove of treasure.
 17750 | D:11     | Found a runed translucent gate.
 17750 | D:11     | Found a runed translucent gate.
 17750 | D:11     | Found a runed translucent gate.
 17932 | D:11     | Found Kuipluul's Armour Emporium.
 17941 | D:11     | Bought a +1 pair of boots of flying for 231 gold pieces
 18335 | D:12     | Received a gift from Okawaru
 18597 | D:12     | Reached ****** piety under Okawaru
 18598 | D:12     | Reached XP level 14. HP: 92/119 MP: 16/16
 18866 | D:12     | Reached skill level 14 in Fighting
 19041 | D:12     | Received a gift from Okawaru
 19310 | D:12     | Found a radiant altar of Vehumet.
 19977 | D:13     | HP: 3/181 [tengu warrior/+1 great sword of holy wrath (14)]
 19978 | D:13     | Mangled by a tengu warrior

Illustrated notes

Levels and vault maps discovered:
D:1:      nicolae_arrival_washed_ashore, layout_basic, dreamdust_wishing_well
D:2:      layout_basic
D:3:      layout_loops_ring, kennysheep_generic_room_14
D:4:      layout_basic, serial_rivers, chequers_serial_rivers_room_a,
          chequers_serial_rivers_room_a, chequers_serial_rivers_large_a,
          chequers_serial_rivers_marsh, chequers_serial_rivers_room_b,
          nicolae_half_adder
D:5:      kennysheep_slugbush, layout_loops_corners,
          nicolae_overflow_quartered_altars,
          nicolae_shop_i_like_small_books_too, wad_rectangle_vault
D:6:      layout_layer_cave, nicolae_qazlal_eye_of_the_storm,
          minmay_temple_entry_proselytizer
D:7:      wander_river, layout_rooms, kennysheep_generic_room_5
D:8:      layout_layer_cave, uniq_psyche
D:9:      layout_cave_pools, uniq_pikel, uniq_erica
D:10:     layout_loops_cross, mainiacjoe_overflow_six_doors_small,
          dpeg_lair_monsters, hangedman_ranch
D:11:     layout_rooms, david_orc_3, nicolae_trove_entry_diagonal,
          ploomutoo_gammafunk_ghost_potion_laboratory, kennysheep_diamond
D:12:     nzn_winding_woodlands_cross [nzn_winding_woodlands_5x15_cabin,
          nzn_winding_woodlands_5x15_pockets,
          nzn_winding_woodlands_5x15_sidewinder,
          nzn_winding_woodlands_5x15_lazy_stream,
          nzn_winding_woodlands_15x15_five_gardens], layout_cave_pools,
          ebering_dispersal_statue_hall, vehumet_crystals
D:13:     layout_stronghold, minivault_8
Temple:   minmay_temple_bridge_d
Lair:1:   layout_roguey
Lair:2:   layout_layer_cave, minmay_shoals_entry_beasts, uniq_fannar
Lair:3:   layout_gridlike, nicolae_snake_entry_warm_welcome,
          beast_lair_carwin_8, lemuel_fruit_tree, grunt_megastairs_4,
          infiniplex_staircase_pool
Lair:4:   onia_ninara_swampy_vault, layout_regular_city, gauntlet_entry_generic
Lair:5:   gammafunk_lair_ancient_temple, layout_regular_city, slime_entry_1,
          lemuel_fruit_fields, uniq_nessos

Skill      XL: |  1  2  3  4  5  6  7  8  9 10 11 12 13 14 |
---------------+-------------------------------------------+-----
Fighting       | 3 4 5 7 9 10 11 12 13 14 | 14.4
Dodging        | 3 4 5 6 |  6.4
Evocations     | 1 2 3 5 7 8 9 |  9.3
Ranged Weapons | 5 6 7 8 9 10 11 12 | 12.7
Armour         | 1 5 7 8 10 11 | 11.3
Transmutations | 4 6 8 9 |  9.0
Long Blades    | 2 5 7 9 |  9.1
Invocations    | 2 4 |  4.4
Stealth        | |  0.8

Action                     |  1- 3 |  4- 6 |  7- 9 | 10-12 | 13-15 || total
---------------------------+-------+-------+-------+-------+-------++-------
  Melee: Spear             |     8 |    43 |       |       |       ||    51
         Dagger            |       |       |    47 |       |       ||    47
         Trident           |       |       |   109 |   126 |       ||   235
         Punch             |       |       |     2 |       |       ||     2
         Scimitar          |       |       |       |    80 |    29 ||   109
         Battleaxe         |       |       |       |       |    30 ||    30
   Fire: Shortbow          |    98 |    96 |   285 |       |       ||   479
         Arbalest          |       |       |    39 |   362 |   321 ||   722
  Throw: Dart              |       |       |     2 |     7 |       ||     9
 Invoke: Heroism           |       |       |       |       |     1 ||     1
Ability: Hop               |       |       |     5 |    16 |     9 ||    30
  Evoke: Wand              |       |    18 |     5 |    12 |     3 ||    38
    Use: Scroll            |       |       |     7 |    10 |     6 ||    23
         Potion            |       |       |     2 |     6 |     7 ||    15
 Armour: Leather armour    |    16 |    11 |    14 |       |       ||    41
         Steam dragon scal |       |       |    37 |    36 |       ||    73
         Troll leather arm |       |       |       |    39 |       ||    39
         Ring mail         |       |       |       |    23 |   190 ||   213
         Skin              |       |       |       |       |    12 ||    12
  Dodge: Dodged            |    31 |    41 |   246 |   326 |   243 ||   887
  Block: Other             |       |       |    71 |   102 |    97 ||   270
         Reflection        |       |       |     2 |     6 |     5 ||    13
